 Dungeon Crawl Stone Soup version 0.25-a0-578-gc91f01c39c (webtiles) character file.

Game seed: 5359746196778459666, levelgen mode: deterministic

1585 Flugslaktarn the Chopper (level 8, -4/74 HPs)
             Began as a Deep Dwarf Fighter on Mar 4, 2020.
             Was an Initiate of Makhleb.
             Slain by a slime creature (11 damage)
             ... on level 7 of the Dungeon.
             The game lasted 00:01:45 (2236 turns).

Flugslaktarn the Chopper (Deep Dwarf Fighter)       Turns: 2236, Time: 00:01:46

Health: -4/74      AC: 12    Str: 22    XL:     8   Next: 61%
Magic:  9/9        EV:  6    Int:  9    God:    Makhleb [......]
Gold:   271        SH: 10    Dex: 12    Spells: 7/7 levels left

rFire    . . .     SeeInvis .   a - +0 war axe
rCold    . . .     Gourm    .   c - +0 kite shield
rNeg     . . .     Faith    .   t - +0 chain mail
rPois    .         Spirit   .   (no helmet)
rElec    .         Reflect  .   p - +0 cloak
rCorr    .         Harm     .   k - +0 pair of gloves
MR       +....                  (no boots)
Stlth    ..........             (no amulet)
HPRegen  0.00/turn              (no ring)
MPRegen  0.11/turn              (no ring)

@: non-regenerating
A: damage resistance, heal wounds, sense surroundings 1, no regeneration
a: Heal Wounds, Renounce Religion


You were on level 7 of the Dungeon.
You worshipped Makhleb.
Makhleb was noncommittal.
You were not hungry.

You visited 2 branches of the dungeon, and saw 8 of its levels.

You collected 271 gold pieces.

Inventory:

Hand Weapons
 a - a +0 war axe (weapon)
 o - a +0 spear of distortion
   (You took it off a gnoll on level 3 of the Dungeon)
Missiles
 m - 3 throwing nets (quivered)
Armour
 b - a +0 scale mail
 c - a +0 kite shield (worn)
 k - a +0 pair of gloves (worn)
   (You found it on level 2 of the Dungeon)
 p - a +0 cloak (worn)
   (You found it on level 4 of the Dungeon)
 t - a +0 chain mail (worn)
   (You found it on level 4 of the Dungeon)
Wands
 v - a wand of iceblast (12)
   (You found it on level 5 of the Dungeon)
Scrolls
 f - a scroll of noise {unknown}
 g - 3 scrolls of remove curse {unknown}
 h - 3 scrolls of blinking {unknown}
 i - 2 scrolls of enchant weapon {unknown}
 j - 3 scrolls of teleportation {unknown}
 l - a scroll of random uselessness {unknown}
 u - a scroll of amnesia {unknown}
 w - a scroll of enchant armour {unknown}
 x - a scroll of identify {unknown}
Potions
 d - a potion of might
 n - 2 potions of degeneration {unknown}
 q - 2 potions of curing {unknown}
 s - 2 potions of invisibility {unknown}
Comestibles
 e - 5 rations
 r - 13 chunks of flesh


   Skills:
 + Level 5.0 Fighting
 * Level 7.5 Axes
 + Level 6.0 Armour
 + Level 6.0 Shields
 + Level 4.1 Invocations


You had 7 spell levels left.
You didn't know any spells.
Your spell library was empty.

Dungeon Overview and Level Annotations

Branches:
Dungeon (8/15)             Temple (1/1) D:5
   Lair: D:8-11

Altars:
Ashenzari
Dithmenos
Elyvilon
Fedhas
Makhleb
Okawaru
Qazlal
Ru
Sif Muna
Trog
Vehumet
Wu Jian
Xom
Yredelemnul
Zin


Innate Abilities, Weirdness & Mutations

You are resistant to damage.
You can heal yourself by infusing magical energy.
You passively map a small area around you.
You do not regenerate.


Message History

You fail to use your ability.
The large slime creature hits you.
* * * LOW HITPOINT WARNING * * *
The slime creature barely misses you.
Your magical essence is drained by the effort!
You feel much better. The large slime creature hits you!
The slime creature hits you.
You slash the slime creature!
The slime creature is heavily wounded.
You slash the large slime creature!
A large slime creature splits.
The slime creature hits you.
Your shield and chain mail prevent you from hitting the slime creature.
The slime creature is heavily wounded.
You hit the slime creature. You slash the slime creature!
You block the slime creature's attack. The slime creature hits you!
* * * LOW HITPOINT WARNING * * *
The slime creature hits you. The slime creature hits you!
* * * LOW HITPOINT WARNING * * *
You fail to use your ability.
You block the slime creature's attack. The slime creature hits you!
You die...

##(....รท.##### *
#..####.)....# ##.#
#)####.# , ....#
#[###..# , *
###..###.....########
.......#..###........
, *
#...#......####### ,
#......##### ,,
.....#..@J#
####....JJ#### ,
....##.#....# * ##..
#....#.# * ,* , #.
###.....# #,
,,.....#.# *###....
.# *, ...... # * ,
####...#


You could see 3 slime creatures.

Vanquished Creatures
  A two-headed ogre (D:8)
  Eustachio (D:5)
  A phantom (D:4)
  An ogre (D:4)
  A centaur (D:5)
  A bullfrog (D:7)
  2 scorpions
  A howler monkey (D:5)
  A hound (D:4)
  2 orc priests (D:7)
  A bullfrog skeleton (D:5)
  An iguana (D:8)
  Terence (D:2)
  An orc wizard (D:7)
  2 worker ants
  4 adders
  8 gnolls
  An ooze (D:2)
  2 adder skeletons
  A worm (D:4)
  A dart slug (D:2)
  A leopard gecko (D:3)
  10 orcs
  3 giant cockroaches
  A quokka (D:5)
  4 frilled lizards
  3 goblins
  2 rats (D:3)
59 creatures vanquished.

Vanquished Creatures (others)
  An orc (D:4)
1 creature vanquished.

Grand Total: 60 creatures vanquished

Notes
Turn   | Place    | Note
-------+----------+-------------------------------------------
     0 | D:1      | Flugslaktarn the Deep Dwarf Fighter began the quest for the
                  | Orb.
     0 | D:1      | Reached XP level 1. HP: 20/20 MP: 1/1
   218 | D:2      | Reached XP level 2. HP: 24/27 MP: 2/2
   319 | D:2      | Noticed Terence
   328 | D:2      | Killed Terence
   328 | D:2      | Reached skill level 3 in Axes
   328 | D:2      | Reached XP level 3. HP: 21/34 MP: 3/3
   533 | D:3      | Reached XP level 4. HP: 25/42 MP: 4/4
  1036 | D:4      | Reached skill level 4 in Axes
  1044 | D:4      | Reached XP level 5. HP: 42/49 MP: 4/4
  1064 | D:4      | Found a shimmering altar of Xom.
  1076 | D:4      | Noticed a phantom
  1089 | D:4      | Killed a phantom
  1153 | D:4      | Reached XP level 6. HP: 40/56 MP: 5/5
  1473 | D:4      | Reached skill level 5 in Axes
  1516 | D:4      | Found a shattered altar of Ashenzari.
  1633 | D:5      | Entered Level 5 of the Dungeon
  1659 | D:5      | Found a staircase to the Ecumenical Temple.
  1666 | D:5      | Noticed Eustachio
  1670 | Temple   | Entered the Ecumenical Temple
  1718 | Temple   | Became a worshipper of Makhleb the Destroyer
  1761 | D:5      | Killed Eustachio
  1761 | D:5      | Reached skill level 5 in Armour
  1761 | D:5      | Reached skill level 5 in Shields
  1761 | D:5      | Reached skill level 1 in Invocations
  1761 | D:5      | Reached XP level 7. HP: 22/64 MP: 4/6
  1914 | D:5      | Reached skill level 6 in Axes
  1981 | D:5      | Found a shadowy altar of Dithmenos.
  2062 | D:5      | You fall into a shaft and drop 3 floors!
  2120 | D:8      | Noticed a two-headed ogre
  2127 | D:8      | HP: 2/64 [two-headed ogre/cursed +0 giant club (19)]
  2133 | D:8      | Killed a two-headed ogre
  2133 | D:8      | Reached skill level 7 in Axes
  2133 | D:8      | Reached XP level 8. HP: 55/73 MP: 7/9
  2188 | D:7      | Reached skill level 5 in Fighting
  2214 | D:7      | Noticed a slime creature
  2216 | D:7      | Noticed a slime creature
  2217 | D:7      | Noticed a slime creature
  2236 | D:7      | Slain by a slime creature

Levels and vault maps discovered:
D:1:      eino_arrival_cavern_a, layout_basic, serial_corexii_hall,
          corexii_hall_statues_l, corexii_hall_statues_u,
          chequers_hall_statues_corner_a, chequers_hall_statues_y,
          chequers_hall_statues_y, corexii_hall_statues_l
D:2:      layout_rooms, chequers_ecumenical_altar_grove, first_ration,
          uniq_terence
D:3:      layout_basic, lemuel_round_altar, hangedman_decor_push
D:4:      layout_cave_pods, lemuel_doored_altar, xom_confusion_cloud,
          minmay_tree_intersection
D:5:      layout_rooms, kennysheep_mini_moat, marbit_many_paths,
          minmay_temple_entry_ruins, uniq_eustachio
D:7:      layout_rooms
D:8:      layout_layer_cave, minitemple, serial_shops, shop_statue, the_bakery,
          uniq_prince_ribbit1
Temple:   nicolae_temple_hex_pool

Skill      XL: |  1  2  3  4  5  6  7  8 |
---------------+-------------------------+-----
Fighting       | 3 4 5 |  5.0
Axes           | 3 4 5 7 |  7.5
Armour         | 4 5 6 |  6.0
Shields        | 4 5 6 |  6.0
Invocations    | 1 3 4 |  4.1

Action                   |  1- 3 |  4- 6 |  7- 9 || total
-------------------------+-------+-------+-------++-------
Melee: War axe           |    73 |   134 |   102 ||   309
 Abil: Heal Wounds       |     1 |     5 |     9 ||    15
  Eat: Chunk             |       |     3 |     2 ||     5
Armor: Scale mail        |    41 |    38 |       ||    79
       Chain mail        |       |    69 |    40 ||   109
Dodge: Dodged            |    26 |    47 |    25 ||    98
Block: Kite shield       |    53 |   106 |    46 ||   205

Table legend:
 A = Non-vault XP
 B = Vault XP
 C = Vault XP percentage of total XP
 D = Non-vault monster count
 E = Vault monster count
 F = Vault count percentage of total count
                 A         B        C        D         E       F
            +---------+---------+-------+---------+---------+-------
      Total |    1900 |     365 |  16.1 |      53 |       6 |  10.2
            +---------+---------+-------+---------+---------+-------
        D:1 |       3 |       0 |   0.0 |       2 |       0 |   0.0
        D:2 |      30 |      36 |  54.5 |       6 |       1 |  14.3
        D:3 |      89 |       0 |   0.0 |       9 |       0 |   0.0
        D:4 |     295 |     133 |  31.1 |      17 |       4 |  19.0
        D:5 |     357 |     196 |  35.4 |      12 |       1 |   7.7
        D:7 |     173 |       0 |   0.0 |       4 |       0 |   0.0
        D:8 |     953 |       0 |   0.0 |       3 |       0 |   0.0
            +---------+---------+-------+---------+---------+-------
